Cogmind - Beta 15 *** ADVENTURER MODE // 2025.07.24 @ 15:04:10 Player: Nagash Result: Destroyed by P-70 Sage with Tesla Rifle Performance ------------- Evolutions (5) 2500 Regions Visited (9) 1800 Robots Destroyed (111) 555 Value Destroyed (3567) 3567 Prototype IDs (8) 160 Alien Tech Used (0) 0 Bonus (1082) 1082 TOTAL SCORE: 9664 Bonus ------- Follower Combat Kills 482 Met Imprinter 300 Was Imprinted 300 Cogmind --------- Core Integrity 0/1000 Matter 300/300 Energy 100/100 System Corruption 10% Temperature Cool (0) Movement Core (850) Ox16 Location -5/Extension Parts ------- > --- POWER (2) -------- (None) > --- PROPULSION (5) --- (None) > --- UTILITY (8) ------ High-capacity Storage Unit Enhanced Optical Array Advanced Terrain Scan Processor Hacking Suite > --- WEAPON (2) ------- Antimatter Cannon Power Sword > --- INVENTORY (20) --- Armored Medium Treads Armored Wheel Armored Wheel Armored Wheel Medium Storage Unit Large Storage Unit Enhanced Optical Array Advanced Sensor Array Advanced Signal Interpreter Advanced Signal Interpreter Terrain Scan Processor Improved Targeting Computer Advanced ECM Suite Advanced ECM Suite Component Analysis Suite Hacking Drone Bay (1/1) Mining Claw Peak State ------------ > --- POWER ------------ Light Deuterium Engine Zionite Light DM Reactor > --- PROPULSION ------- Medium Treads Carbon-fiber Leg Carbon-fiber Leg Flexi-carbon Leg Zionite Composite Leg I > --- UTILITY ---------- High-capacity Storage Unit Enhanced Optical Array Advanced Sensor Array Terrain Scanner Advanced Terrain Scan Processor Hardened Heavy Armor Plating Hacking Suite > --- WEAPON ----------- Mass Driver Power Sword > --- INVENTORY -------- Armored Medium Treads Armored Wheel Armored Wheel Armored Wheel Medium Storage Unit Large Storage Unit Enhanced Optical Array Advanced Sensor Array Advanced Signal Interpreter Advanced Signal Interpreter Terrain Scan Processor Improved Targeting Computer Advanced ECM Suite Advanced ECM Suite Component Analysis Suite Hacking Drone Bay Antimatter Cannon Missile Launcher Long-range Missile Launcher Mining Claw [Rating: 77] Favorites ----------- Power Light Ion Engine Engine Light Ion Engine Power Core Neutrino Core Reactor Zionite Light DM Reactor Propulsion Armored Wheel Treads Improved Treads Leg Carbon-fiber Leg Wheel Armored Wheel Utility Hacking Suite Device Advanced Sensor Array Storage High-capacity Storage Unit Processor Enhanced Optical Array Hackware Hacking Suite Protection Improved Heavy Armor Plating Weapon Phasing Sabre Energy Gun Medium Laser Ballistic Gun Hypervelocity Gauss Rifle Ballistic Cannon Slug Cannon Launcher Grenade Launcher Special Weapon RU-N14's Throwing Claymores Slashing Weapon Phasing Sabre Build | -11 -10 -10 -9 -9 -7 -6 -6 -5 -5 ------- Run | Yrd Mat Min Mat Min Zio Pro Fac Fac Ext Slots Evolved 10 | . . . 2 . . . 6 2 . Power 1 | . . . . . . . 1 . . Propulsion 3 | . . . 1 . . . 1 1 . Utility 6 | . . . 1 . . . 4 1 . Weapon . | . . . . . . . . . . Parts Attached 84 | 8 3 1 4 3 3 2 24 21 15 Power 13 | 1 . . 2 1 . 1 4 3 1 Engine 8 | 1 . . 2 1 . . 2 2 . Core 4 | . . . . . . 1 2 1 . Reactor 1 | . . . . . . . . . 1 Propulsion 26 | 3 2 . 1 1 . . 6 6 7 Treads 12 | . . . . . . . 5 5 2 Leg 5 | . . . . . . . . . 5 Wheel 9 | 3 2 . 1 1 . . 1 1 . Hover . | . . . . . . . . . . Flight . | . . . . . . . . . . Utility 29 | 2 . . 1 . 2 1 11 7 5 Device 11 | 1 . . 1 . 1 . 5 2 1 Storage 7 | 1 . . . . 1 1 2 . 2 Processor 3 | . . . . . . . 1 2 . Hackware 2 | . . . . . . . 1 1 . Protection 6 | . . . . . . . 2 2 2 Artifact . | . . . . . . . . . . Weapon 16 | 2 1 1 . 1 1 . 3 5 2 Energy Gun 2 | 2 . . . . . . . . . Energy Cannon . | . . . . . . . . . . Ballistic Gun 1 | . . . . . . . 1 . . Ballistic Cannon 4 | . . . . 1 . . 1 1 1 Launcher 5 | . 1 1 . . . . . 2 1 Special Weapon 1 | . . . . . . . 1 . . Impact Weapon . | . . . . . . . . . . Slashing Weapon 3 | . . . . . 1 . . 2 . Piercing Weapon . | . . . . . . . . . . Special Melee Weapon . | . . . . . . . . . . Unidentified Prototypes 5 | . . . . . . . . . 5 Parts Lost 34 | . . 1 5 . . 1 2 8 17 Power 7 | . . . 2 . . 1 1 . 3 Propulsion 11 | . . . . . . . 1 5 5 Utility 11 | . . 1 1 . . . . 3 6 Weapon 5 | . . . 2 . . . . . 3 Highest Loss Streak 14 | . . 1 3 . . 1 1 2 14 To Critical Strikes 2 | . . . 1 . . . . . 1 Average Backups 12 | 1 7 8 6 6 8 9 12 18 18 Power . | . 1 1 1 1 1 1 . . . Propulsion 3 | . 5 6 5 4 4 4 4 3 3 Utility 5 | . 1 1 . 1 2 2 5 10 11 Weapon 2 | . . . . . . 2 2 4 3 Tool/Special . | . . . . . . . . . . Unused Backups 18 | . 6 . . . 2 . 2 1 7 Power . | . . . . . . . . . . Propulsion 6 | . 5 . . . . . 1 . . Utility 10 | . . . . . 1 . 1 1 7 Weapon 2 | . 1 . . . 1 . . . . Tool/Special . | . . . . . . . . . . Average Slot Usage (%) 85 | . 99 99 77 65 78 90 91 88 73 Engine 6 | . 14 14 10 11 11 7 3 4 6 Core 3 | . . . . . . 3 7 5 . Treads 11 | . . . . . . . 24 14 7 Leg 1 | . . . . . . . . . 6 Wheel 13 | . 28 28 33 33 33 33 . 9 . Device 9 | . 14 13 4 . 2 11 13 6 9 Storage 8 | . 14 14 11 11 14 14 6 5 5 Processor 5 | . . . . . . . 5 10 11 Hackware 4 | . . . . . . . 5 9 6 Protection 3 | . . . . . . . 5 4 3 Energy Gun 1 | . 22 14 10 . . . . . . Ballistic Cannon 5 | . . . . 10 11 11 4 3 4 Launcher 1 | . 4 14 8 . . . . 1 . Slashing Weapon 5 | . . . . . 5 11 5 4 4 Peak Build Rating 77 | 7 10 10 14 11 25 33 65 76 77 Average Rating 43 | 4 9 9 11 10 16 27 56 66 59 On Entrance 21 | . 7 10 9 9 11 25 33 57 53 Naked Turns . | . . . . . . . . . . Heaviest Build 117 | 15 16 16 16 12 26 38 86 117 92 Greatest Support 134 | 32 32 24 36 36 36 36 97 134 89 Greatest Overweight (x) 20 | 3 . . . . . 1 1 2 20 Average Overweight (x) . | . . . . . . . . . 1 Largest Inventory Capacity 20 | 8 8 8 8 8 10 10 20 20 20 Average Capacity 14 | 6 8 8 8 8 9 10 15 20 20 Most Carried 20 | 6 8 8 8 8 10 10 20 20 20 Average Carried 13 | 1 7 8 6 6 8 10 13 18 18 Final Capacity 20 | 8 8 8 8 8 10 10 20 20 20 Final Carried 20 | 6 8 8 8 7 10 10 20 17 17 Class Distribution -------------------- 36% | Mutant 36% | Hacker-Mutant 20% | Hacker-Assassin 4% | Messiah-Assassin Dominant Class ---------------- Mutant | -10/Materials Mutant | -10/Mines Mutant | -9/Materials Mutant | -9/Mines Mutant | -7/Zion Mutant | -6/Proximity Caves Hacker-Mutant | -6/Factory Hacker-Assassin | -5/Factory Hacker-Assassin | -5/Extension Resources | -11 -10 -10 -9 -9 -7 -6 -6 -5 -5 ----------- Run | Yrd Mat Min Mat Min Zio Pro Fac Fac Ext Matter Collected 2740 | 212 61 188 104 233 40 32 557 862 451 Remotely . | . . . . . . . . . . Salvage Created 3111 | 83 18 125 151 71 . 125 474 1464 600 Parts 173 | 5 6 8 15 14 . 7 20 77 21 Haulers Intercepted 1 | . . . . . . . . 1 . Recyclers Shooed . | . . . . . . . . . . Parts Field Recycled . | . . . . . . . . . . Retrieved Matter . | . . . . . . . . . . Parts Self-Destructed 7 | . . . . . . 7 . . . Prevented . | . . . . . . . . . . Kills | -11 -10 -10 -9 -9 -7 -6 -6 -5 -5 ------- Run | Yrd Mat Min Mat Min Zio Pro Fac Fac Ext Combat Hostiles Destroyed 78 | . 6 7 12 7 . 4 14 22 6 Melee 16 | . . . . . . 1 3 8 4 Guns 2 | . . 1 . . . . 1 . . Cannons 20 | . . . . 7 . 3 6 3 1 AOE 40 | . 6 6 12 . . . 4 11 1 Classes Destroyed 15 | 2 2 1 4 1 . . 2 2 1 Worker 12 | . . . 1 . . . 4 7 . Builder 7 | . 1 . . . . . . 5 1 Tunneler 1 | 1 . . . . . . . . . Hauler 1 | . . . . . . . . 1 . Recycler 7 | 1 . . . . . . . 4 2 Mechanic 1 | . . . . . . . . 1 . Watcher 4 | . . . 1 . . . . 1 2 Swarmer 28 | . 6 3 6 4 . 3 . 6 . Grunt 17 | . . 4 3 1 . . 5 4 . Brawler 1 | . . . 1 . . . . . . Sentry 7 | . . . 2 . . 1 2 1 1 Demolisher 2 | . . . . 2 . . . . . Hunter 5 | . . . . . . . 1 4 . Programmer 14 | . . . . . . . 6 7 1 Behemoth 1 | . . . . . . . . . 1 Z-Courier 1 | . . . . . . . . . 1 Thug 2 | . . . . . . . . . 2 Savage 1 | . . . . . . . . . 1 Best Kill Streak 11 | 2 7 4 8 4 . 3 8 11 4 Combat Bots Only 6 | . 6 4 6 4 . 3 5 4 2 Max Kills in Single Turn 5 | 1 2 3 3 1 . 1 3 5 2 Gunslinging . | . . . . . . . . . . Exploded 3 | . 1 2 3 . . . 2 3 1 Melee 1 | . . . . . . 1 1 1 1 Uniques/NPCs Destroyed . | . . . . . . . . . . Combat | -11 -10 -10 -9 -9 -7 -6 -6 -5 -5 -------- Run | Yrd Mat Min Mat Min Zio Pro Fac Fac Ext Hostile Shots Fired 737 | . 20 27 52 20 . 21 176 242 179 Missed 230 | . 8 11 13 7 . 6 51 70 64 Hits 507 | . 12 16 39 13 . 15 125 172 115 Projectile 507 | . 12 16 39 13 . 15 125 172 115 AOE 7 | . . . . 5 . . . 2 . Critical Strikes 25 | . . . 2 . . . 10 5 8 Damage Taken 7143 | . 92 159 394 212 . 124 1401 2527 2234 Core 1266 | . 18 64 76 16 . 8 71 237 776 Absorbed by Shields . | . . . . . . . . . . Redirected to Shielding 135 | . . . . . . . . . 135 Ignored by Resistances 2292 | . 33 44 110 60 . 35 409 987 614 Regen/Repaired (Parts) 18 | . . . 18 . . . . . . Core Remaining (%) 83 | 100 . 67 . . . 75 91 . . Volleys Fired 168 | 5 7 8 21 12 . 4 70 29 12 Largest 2 | 2 1 2 1 1 . 1 2 2 2 Hottest 100 | 100 30 80 30 33 . 33 40 79 79 Shots Fired 194 | 10 7 16 21 12 . 4 73 30 21 Gun 35 | 10 . 8 . . . . 17 . . Cannon 89 | . . . . 12 . 4 53 16 4 Launcher 67 | . 7 8 21 . . . . 14 17 Special 3 | . . . . . . . 3 . . Kinetic 106 | . . . . 12 . 4 70 16 4 Thermal 18 | 10 . 8 . . . . . . . Explosive 70 | . 7 8 21 . . . 3 14 17 Electromagnetic . | . . . . . . . . . . Robot Hit Streak 12 | 6 3 11 11 6 . 10 10 11 12 Robot Miss Streak 5 | 1 3 1 1 1 . . 5 2 1 Penetration Max 1 | . . . . . . . 1 . . Secondary Targets . | . . . . . . . . . . Shots Hit Robots 205 | 8 3 10 19 11 . 6 56 63 29 Core Hits 182 | 3 9 11 26 8 . 5 32 60 28 Critical Kills 4 | . . . . . . . 4 . . Critical Parts Destroyed 12 | . . . . . . . 11 1 . Critical Strikes 29 | 1 . 1 . 1 . . 20 4 2 Burn 2 | 1 . 1 . . . . . . . Destroy 16 | . . . . . . . 15 1 . Blast 1 | . . . . 1 . . . . . Sever 10 | . . . . . . . 5 3 2 Melee Attacks 86 | . . . . . . 2 12 61 11 Impact . | . . . . . . . . . . Slashing 86 | . . . . . . 2 12 61 11 Piercing . | . . . . . . . . . . Sneak Attacks 10 | . . . . . . . . 4 6 Combat Hostiles . | . . . . . . . . . . Follow-up Attacks . | . . . . . . . . . . Damage Inflicted 11794 | 100 374 545 1053 219 . 198 2612 4868 1825 Guns 283 | 100 . 62 . . . . 121 . . Cannons 1824 | . . . . 215 . 93 962 447 107 Explosions 6729 | . 374 483 1050 . . . 1006 2732 1084 Melee 2916 | . . . . . . 105 488 1689 634 Ramming 7 | . . . 3 4 . . . . . Kinetic 1945 | . . . . 215 . 93 1083 447 107 Thermal 162 | 100 . 62 . . . . . . . Explosive 6647 | . 374 483 994 . . . 1006 2706 1084 Electromagnetic 82 | . . . 56 . . . . 26 . Impact . | . . . . . . . . . . Slashing 2951 | . . . . . . 105 523 1689 634 Piercing . | . . . . . . . . . . Highest Corruption 9 | . . . 1 1 1 . 3 6 9 Average Corruption 3 | . . . 1 1 1 . 2 3 6 Corruption Purged . | . . . . . . . . . . Corruption Blocked . | . . . . . . . . . . Effects 63 | . . . . 3 . . 18 7 35 Message Errors 19 | . . . . 1 . . 1 2 15 Matter Fused 17 | . . . . 2 . . 3 4 8 Heat Flow Errors 10 | . . . . . . . 5 . 5 Energy Discharges 4 | . . . . . . . 3 . 1 Parts Fused 1 | . . . . . . . . 1 . Data Loss (minor) 7 | . . . . . . . 3 . 4 Misfires 2 | . . . . . . . 1 . 1 Alerts 2 | . . . . . . . 1 . 1 Weapon Failures 1 | . . . . . . . 1 . . Overload Shots . | . . . . . . . . . . Overflow Damage 468 | . . 11 . 1 . . 31 405 20 Projectiles 53 | . . . . 1 . . 20 32 . Explosions 254 | . . 11 . . . . 11 222 10 Melee 161 | . . . . . . . . 151 10 Knockbacks 9 | . . . . 1 . . 5 3 . Impact . | . . . . . . . . . . Kinetic 9 | . . . . 1 . . 5 3 . Secondary . | . . . . . . . . . . Self-Inflicted Damage 240 | . 27 12 10 2 . . . 89 100 Shots 10 | . 3 1 1 . . . . 3 2 Rammed 2 | . . . 1 1 . . . . . Targets Rammed 2 | . . . 1 1 . . . . . Kicked . | . . . . . . . . . . Crushed . | . . . . . . . . . . Highest Temperature 603 | 195 . 138 19 . . . 254 54 603 Average Temperature 90 | 100 . 57 6 . . . 54 15 137 Received Heat Transfer 1587 | . 6 66 171 24 . 24 367 330 599 Effects 25 | . . . . . . . . . 25 Shutdowns 4 | . . . . . . . . . 4 Energy Bleed 1 | . . . . . . . . . 1 Interference 5 | . . . . . . . . . 5 Short Circuit 2 | . . . . . . . . . 2 Damage (minor) 3 | . . . . . . . . . 3 Damage (major) 10 | . . . . . . . . . 10 Siege Activations . | . . . . . . . . . . Martial Activations . | . . . . . . . . . . Shielding Activations . | . . . . . . . . . . Robots Disrupted . | . . . . . . . . . . Combat Hostiles . | . . . . . . . . . . Robots Corrupted . | . . . . . . . . . . Combat Hostiles . | . . . . . . . . . . Parts Fried . | . . . . . . . . . . Impact Corruptions . | . . . . . . . . . . Robots Melted . | . . . . . . . . . . Combat Hostiles . | . . . . . . . . . . Parts Melted 5 | 2 . 1 . . . . 1 1 . Heat Transferred 629 | 370 . 259 . . . . . . . Parts Sabotaged . | . . . . . . . . . . Parts Stolen . | . . . . . . . . . . Parts Stripped . | . . . . . . . . . . Power Chain Reactions . | . . . . . . . . . . Alert | -11 -10 -10 -9 -9 -7 -6 -6 -5 -5 ------- Run | Yrd Mat Min Mat Min Zio Pro Fac Fac Ext Maximum Alert Level 1 | . . 1 1 1 . . . 1 . Low Security (%) 94 | 100 100 95 46 84 . . 100 83 100 Level 1 5 | . . 4 53 15 . . . 16 . Level 2 . | . . . . . . . . . . Level 3 . | . . . . . . . . . . Level 4 . | . . . . . . . . . . Level 5 . | . . . . . . . . . . High Security . | . . . . . . . . . . Max Security . | . . . . . . . . . . Peak Influence 360 | 5 162 211 360 220 . . 142 330 133 Initial 118 | . . 40 69 105 . . . . 118 Average 55 | . 27 54 206 147 . . 14 127 47 Influence Increases 3271 | 10 172 271 411 205 . 105 514 912 671 Destroy 0b10 Robot/C 1800 | . 120 140 240 140 . 80 280 440 360 Destroy 0b10 Robot/NC 175 | 10 5 . 10 . . . 20 95 35 Destroy Leader 392 | . 20 30 62 20 . 10 100 94 56 Allied During Kill 91 | . . . . . . . . . 91 Successful Hack 10 | . . . . . . . . . 10 Disable Machine 108 | . . 9 27 . . . 36 27 9 Destroy Structure 455 | . 27 32 72 . . . 48 166 110 Partial Spotted 15 | . . . . . . . 15 . . Lose Combat Pursuer 225 | . . 60 . 45 . 15 15 90 . Influence Decreases 3271 | 10 50 182 302 365 160 105 514 630 953 Entered New Map 763 | . . 82 142 215 160 . . . 164 Time Decay 2134 | 10 50 90 110 150 . 95 504 550 575 Lost Part 240 | . . 10 50 . . 10 10 70 90 Lost Ally 134 | . . . . . . . . 10 124 Squads Dispatched 13 | . 1 . 1 . . . 4 4 3 Investigation 4 | . 1 . 1 . . . . . 2 Extermination 6 | . . . . . . . 4 2 . Reinforcement 3 | . . . . . . . . 2 1 Assault . | . . . . . . . . . . Garrison . | . . . . . . . . . . Intercept . | . . . . . . . . . . Searches Triggered . | . . . . . . . . . . Construction Impeded 3 | . . . . . . . . 2 1 Haulers Reinforced . | . . . . . . . . . . Active Scanning Responses . | . . . . . . . . . . Cargo Convoy Interrupts 1 | . . . . . . . . 1 . Stealth | -11 -10 -10 -9 -9 -7 -6 -6 -5 -5 --------- Run | Yrd Mat Min Mat Min Zio Pro Fac Fac Ext Distress Signals 9 | . 1 . 3 . . . . 2 3 Communications Jammed . | . . . . . . . . . . Distress Signals . | . . . . . . . . . . Times Spotted 145 | . 10 9 22 10 . 7 22 43 22 Peak Tracking Total 7 | . 7 4 7 6 . 3 6 7 5 Tactical Retreats 12 | . . 1 . 2 . 1 1 7 . Traps | -11 -10 -10 -9 -9 -7 -6 -6 -5 -5 ------- Run | Yrd Mat Min Mat Min Zio Pro Fac Fac Ext Traps Triggered 11 | . 1 . 1 . . . . 3 6 Indirectly . | . . . . . . . . . . Trap Hack Attempts . | . . . . . . . . . . Triggered . | . . . . . . . . . . Disarmed . | . . . . . . . . . . Reprogrammed . | . . . . . . . . . . Reused . | . . . . . . . . . . Traps Extracted . | . . . . . . . . . . Installed . | . . . . . . . . . . Triggered . | . . . . . . . . . . Machines | -11 -10 -10 -9 -9 -7 -6 -6 -5 -5 ---------- Run | Yrd Mat Min Mat Min Zio Pro Fac Fac Ext Machines Disabled 12 | . . 1 3 . . . 4 3 1 Max in Single Turn 4 | . . 1 2 . . . 4 1 1 Machines Repaired . | . . . . . . . . . . Machines Dismantled . | . . . . . . . . . . Machines Sabotaged . | . . . . . . . . . . Overloaded Fab Kills . | . . . . . . . . . . Hacking | -11 -10 -10 -9 -9 -7 -6 -6 -5 -5 --------- Run | Yrd Mat Min Mat Min Zio Pro Fac Fac Ext Machines Accessed 10 | . 3 . 2 . . . 2 . 3 Terminals 7 | . 3 . 1 . . . . . 3 Fabricators . | . . . . . . . . . . Repair Stations 2 | . . . 1 . . . 1 . . Recycling Units . | . . . . . . . . . . Scanalyzers 1 | . . . . . . . 1 . . Garrison Access . | . . . . . . . . . . Total Hacks 18 | . 6 . 4 . . . 3 . 5 Successful 8 | . . . 3 . . . 2 . 3 Failed 10 | . 6 . 1 . . . 1 . 2 Catastrophic 2 | . 2 . . . . . . . . Database Lockouts . | . . . . . . . . . . Manual 20 | . 6 . 1 . . . 3 2 8 Terminals 12 | . 6 . 1 . . . . . 5 Fabricators . | . . . . . . . . . . Repair Stations 4 | . . . 3 . . . 1 . . Recycling Units . | . . . . . . . . . . Scanalyzers 2 | . . . . . . . 2 . . Garrison Access . | . . . . . . . . . . Terminal Hacks 4 | . . . 1 . . . . . 3 Open Door 3 | . . . . . . . . . 3 Branch Access Points 1 | . . . 1 . . . . . . Fabricator Hacks . | . . . . . . . . . . Repair Station Hacks 2 | . . . 2 . . . . . . Scan Component 1 | . . . 1 . . . . . . Repair 1 | . . . 1 . . . . . . Recycling Unit Hacks . | . . . . . . . . . . Scanalyzer 2 | . . . . . . . 2 . . Insert Component 2 | . . . . . . . 2 . . Garrison Access Hacks . | . . . . . . . . . . Unauthorized Hacks . | . . . . . . . . . . Terminals . | . . . . . . . . . . Fabricators . | . . . . . . . . . . Repair Stations . | . . . . . . . . . . Recycling Units . | . . . . . . . . . . Scanalyzers . | . . . . . . . . . . Garrison Access . | . . . . . . . . . . Data Cores Recovered . | . . . . . . . . . . Used . | . . . . . . . . . . Hacking Detections 8 | . 3 . 1 . . . 2 . 2 Full Trace Events 3 | . 1 . 1 . . . . . 1 Feedback Events . | . . . . . . . . . . Feedback Blocked . | . . . . . . . . . . Robot Schematics Acquired . | . . . . . . . . . . Robots Built . | . . . . . . . . . . Authchips . | . . . . . . . . . . Time . | . . . . . . . . . . Total Robot Build Rating . | . . . . . . . . . . Part Schematics Acquired . | . . . . . . . . . . Parts Built . | . . . . . . . . . . Authchips . | . . . . . . . . . . Time . | . . . . . . . . . . Total Part Build Rating . | . . . . . . . . . . Parts Repaired 1 | . . . 1 . . . . . . Time 26 | . . . 26 . . . . . . Parts Recycled . | . . . . . . . . . . Recycled Matter . | . . . . . . . . . . Retrieved Matter . | . . . . . . . . . . Retrieved Components . | . . . . . . . . . . Parts Scanalyzed . | . . . . . . . . . . Part Schematics Acquired . | . . . . . . . . . . Parts Damaged . | . . . . . . . . . . Bothacking | -11 -10 -10 -9 -9 -7 -6 -6 -5 -5 ------------ Run | Yrd Mat Min Mat Min Zio Pro Fac Fac Ext Used RIF Installer . | . . . . . . . . . . Robots Hacked . | . . . . . . . . . . Non-combat . | . . . . . . . . . . Combat . | . . . . . . . . . . Robot Hacks Applied . | . . . . . . . . . . Relay Couplers Released . | . . . . . . . . . . Fabnet Peak Effective % . | . . . . . . . . . . Robots Rewired . | . . . . . . . . . . Allies Hacked . | . . . . . . . . . . Hacks Repelled . | . . . . . . . . . . Allies | -11 -10 -10 -9 -9 -7 -6 -6 -5 -5 -------- Run | Yrd Mat Min Mat Min Zio Pro Fac Fac Ext Total Allies 19 | . . . . . 4 . . 1 14 Largest Group 10 | . . . . . 4 . . 1 10 Highest-Rated Group 606 | . . . . . 156 . . 31 606 Highest-Rated Ally 85 | . . . . . 40 . . 31 85 Zionite Dispatches 5 | . . . . . . . . 1 4 Heavy 1 | . . . . . . . . . 1 Light 2 | . . . . . . . . . 2 Explosive Resupply 1 | . . . . . . . . . 1 Defense Resupply 1 | . . . . . . . . 1 . Total Orders 1 | . . . . . . . 1 . . RETURN 1 | . . . . . . . 1 . . Ally Attacks 113 | . . . . . . . . . 113 Total Damage 2326 | . . . . . . . . . 2326 Kills 14 | . . . . . . . . . 14 Allies Corrupted . | . . . . . . . . . . Allies Melted . | . . . . . . . . . . Intel | -11 -10 -10 -9 -9 -7 -6 -6 -5 -5 ------- Run | Yrd Mat Min Mat Min Zio Pro Fac Fac Ext Active Infowar (turns) 5962 | 54 448 262 96 . . . 2684 1256 1162 Optics 4934 | . . . . . . . 2516 1256 1162 Sensors 3703 | . . . . . . . 2405 141 1157 Terrain 2329 | . . . 96 . . . . 1071 1162 Seismic 764 | 54 448 262 . . . . . . . ECM 571 | . . . . . . . 494 77 . Robot Analysis Total . | . . . . . . . . . . Derelict Logs Recovered 6 | . . 2 . 2 1 1 . . . Drone Launches 1 | . . . . . . . 1 . . Drone Recoveries 1 | . . . . . . . 1 . . Exploration | -11 -10 -10 -9 -9 -7 -6 -6 -5 -5 ------------- Run | Yrd Mat Min Mat Min Zio Pro Fac Fac Ext Turns Passed 8661 | 92 448 273 226 308 1262 506 2889 1256 1401 Spaces Moved 5154 | 57 349 263 167 250 1342 494 1187 586 459 Core 30 | 14 . . . . . . . . 16 Treads 1782 | . . . . . . . 1152 318 312 Legs 131 | . . . . . . . . . 131 Wheels 3211 | 43 349 263 167 250 1342 494 35 268 . Hover . | . . . . . . . . . . Flight . | . . . . . . . . . . Fastest Speed 50 | 50 90 90 90 90 90 90 105 102 118 Average Speed 128 | 105 94 90 90 90 90 93 159 150 254 Slowest Speed 1050 | 200 100 90 90 90 90 105 240 325 1050 Overloaded Moves . | . . . . . . . . . . Propulsion Burnouts . | . . . . . . . . . . Robots Hopped . | . . . . . . . . . . Potential Cave-ins 2 | . 2 . . . . . . . . Cave-ins Triggered . | . . . . . . . . . . Exploration Rate (%) 46 | 4 63 67 34 48 91 64 34 14 41 Regions Visited 9 Branch Regions 5 Pre-discovered Areas 3 | . . 1 . 1 1 . . . . Known Exits Taken 2 | . . . 1 . . 1 . . . Unknown Exits Taken 7 | 1 1 1 . 1 1 . 1 1 . Scrap Searched 7 | . . 2 . 1 3 1 . . . Spaces Dug 2 | . . . . . . . . 2 . Terrain Destroyed 343 | . 25 39 83 . . . 65 80 51 Melee 2 | . . . . . . . . 2 . Projectile 17 | . . . . . . . 11 5 1 AOE 324 | . 25 39 83 . . . 54 73 50 Terrain Rammed . | . . . . . . . . . . Walls Destroyed . | . . . . . . . . . . Machines Disabled . | . . . . . . . . . . Actions | -11 -10 -10 -9 -9 -7 -6 -6 -5 -5 --------- Run | Yrd Mat Min Mat Min Zio Pro Fac Fac Ext Total 6848 | 75 467 283 220 320 1397 529 2086 825 646 Wait 1184 | 1 89 11 25 54 39 28 735 76 126 Move 5145 | 56 348 262 166 249 1341 493 1186 585 459 Hop . | . . . . . . . . . . Pick Up 60 | 5 9 . 2 . 9 . 25 7 3 Fast Attach 39 | 7 2 1 3 . . 2 4 7 13 Attach 23 | . . . 2 1 3 . 10 3 4 Detach 4 | . . . . . . . 2 1 1 Swap 56 | 1 2 . . 2 1 . 27 21 2 Drop 45 | . 10 1 . 1 4 . 15 11 3 Fire 168 | 5 7 8 21 12 . 4 70 29 12 Melee 86 | . . . . . . 2 12 61 11 Ram 2 | . . . 1 1 . . . . . Kick . | . . . . . . . . . . Crush . | . . . . . . . . . . Escape Stasis 36 | . . . . . . . . 24 12 Rewire . | . . . . . . . . . . Trap . | . . . . . . . . . . Miscellaneous . | . . . . . . . . . . Route ------- -11/Scrapyard -10/Materials (discovered 2 exits: *Mat / [*Min]) -10/Mines (discovered 2 exits: *Mat / [*Exi]) -9/Materials (discovered 2 exits: *Min x2) -9/Mines (discovered 2 exits: [*Mat] / [*Zio]) -7/Zion -6/Proximity Caves -6/Factory (discovered 3 exits: *Fac / [*Low x2]) -5/Factory -5/Extension History --------- Turn | Location | Event 10 | -11/Scrapyard | Discovered new exit (range 15) 93 | -11/Scrapyard | Entered Materials 269 | -10/Materials | Discovered new exit (range 8) 316 | -10/Materials | Build established: Mutant 441 | -10/Materials | Discovered new exit (range 5) 541 | -10/Materials | Entered Mines 548 | -10/Mines | YI-UF0 nonchalantly dropped a Grenade Launcher on the ground 627 | -10/Mines | Deemed a non-threat by the Exiles lab entrance 628 | -10/Mines | Discovered new exit (range 5) 654 | -10/Mines | Learned Materials garrison access intel 807 | -10/Mines | Discovered new exit (range 8) 814 | -10/Mines | Entered Materials 814 | -9/Materials | Evolved 2 slots: Propulsion x1, Utility x1 855 | -9/Materials | Repaired Grenade Launcher 994 | -9/Materials | Identified exit to Mines 1040 | -9/Materials | Entered Mines 1070 | -9/Mines | Lost 3 parts (1p2w) 1200 | -9/Mines | Assembled infested the area 1268 | -9/Mines | Discovered new exit (range 6) 1308 | -9/Mines | Learned location of 1 exit from Proximity Caves 1343 | -9/Mines | A Derelict revealed a hidden shortcut to a safe place 1348 | -9/Mines | Entered Zion 1414 | -7/Zion | System corruption cleaned by Quarantine Array 1506 | -7/Zion | Learned location of Warlord (-5) 1588 | -7/Zion | Met Imprinter 1610 | -7/Zion | Imprinted 1612 | -7/Zion | Declared Zion's savior 1779 | -7/Zion | Learned 4 Factory zone layouts 1895 | -7/Zion | Found GAL Module 2343 | -7/Zion | Given the Hacking Drone Bay 2352 | -7/Zion | Found Prototype Device 2574 | -7/Zion | Found Prototype Special Weapon 2587 | -7/Zion | Discovered new exit (range 10) 2610 | -7/Zion | Entered Proximity Caves 2611 | -6/Proximity Caves | Identified exit to Factory 2656 | -6/Proximity Caves | Spotted B-75 Beast 2753 | -6/Proximity Caves | Attracted the attention of an 0b10 checkpoint 3025 | -6/Proximity Caves | Learned Factory trap positions 3116 | -6/Proximity Caves | Entered Factory 3116 | -6/Factory | Evolved 6 slots: Power x1, Propulsion x1, Utility x4 3118 | -6/Factory | Loaded intel: 84 trap records 3510 | -6/Factory | Build established: Hacker-Mutant 3561 | -6/Factory | Identified Hacking Drone Bay 3561 | -6/Factory | Identified RU-N14's Throwing Claymores 4864 | -6/Factory | Terminal network hard line cut 5652 | -6/Factory | Discovered new exit (range 14) 5652 | -6/Factory | Discovered new exit (range 4) 5771 | -6/Factory | Discovered new exit (range 17) 6005 | -6/Factory | Entered another Factory area 6005 | -5/Factory | Evolved 2 slots: Propulsion x1, Utility x1 6021 | -5/Factory | Zion Defense Resupply teleported in 6239 | -5/Factory | Found Hvy. Reactive Plating 6503 | -5/Factory | Build established: Hacker-Assassin 6593 | -5/Factory | Discovered new exit (range 13) 7000 | -5/Factory | Cargo convoy interrupted 7261 | -5/Factory | Entered Extension 7343 | -5/Extension | Rescued a captive Derelict 7343 | -5/Extension | Rescued a captive Derelict 7424 | -5/Extension | Zion Heavy squad teleported in 7445 | -5/Extension | Rescued a captive Derelict 7542 | -5/Extension | Zion Light squad teleported in 7570 | -5/Extension | Zion Light squad teleported in 7843 | -5/Extension | Zion Explosive Resupply teleported in 7960 | -5/Extension | Lost 3 allies 8335 | -5/Extension | Spotted B-75 Beast 8336 | -5/Extension | Build established: Messiah-Assassin 8343 | -5/Extension | Rescued a captive Derelict 8344 | -5/Extension | Rescued a captive Derelict 8373 | -5/Extension | Spotted B-75 Beast 8414 | -5/Extension | Destroyed B-75 Beast 8442 | -5/Extension | Lost 7 allies 8540 | -5/Extension | Core integrity fell below 50% 8584 | -5/Extension | Lost 14 parts (2p5n4u3w) 8622 | -5/Extension | Found Prototype Protection 8622 | -5/Extension | Identified Zio. Weapon Casing 8626 | -5/Extension | Core integrity fell below 20% 8662 | -5/Extension | Destroyed by P-70 Sage with Tesla Rifle Last Messages --------------- 08558_ U-05 Engineer lays Concrete. 08559_ U-05 Engineer builds a Wall. 08562_ Acquired 8 matter. 08565_ U-05 Engineer builds a Wall. 08569_ Acquired 70 matter. 08571_ Knocked back. 08574_ System corrupted: Component data lost. 08577_ Acquired 38 matter. 08622_ Acquired Prototype Protection. 08622_ Identified Zio. Weapon Casing. 08623_ Acquired 10 matter. 08627_ Zio. Biocell destroyed. 08632_ Acquired 10 matter. 08632_ P-70 Sage destroyed. 08633_ Acquired 6 matter. 08634_ W-25 Informer destroyed. 08635_ Acquired 6 matter. 08638_ ,6IREK7YJRNYENC| QHMP1#RQLOO1AV 08653_ Zio. Weapon Casing destroyed. 08662_ H